 Dungeon Crawl Stone Soup version 0.29.1-2-gbd0b4ee654 (webtiles) character file.

Game seed: 13992082051723889299

132 kyanize the Cudgeller (level 4, -3/41 HPs)
             Began as a Minotaur Berserker on Nov 13, 2022.
             Was a Believer of Trog.
             Slain by a gnoll
             ... wielding a +0 halberd
              (6 damage)
             ... on level 3 of the Dungeon.
             The game lasted 00:06:22 (4430 turns).

kyanize the Cudgeller (Minotaur Berserker)          Turns: 4430, Time: 00:06:23

Health: -3/41      AC: 10    Str: 24    XL:     4   Next: 92%
Magic:  2/2        EV: 12    Int:  0    God:    Trog [**....]
Gold:   131        SH:  0    Dex:  9    Spells: 3/3 levels left

rFire   . . .      SeeInvis .   a - +0 mace
rCold   . . .      Faith    .   (no shield)
rNeg    + . .      Spirit   .   o - +0 leather armour
rPois   .          Reflect  .   (helmet restricted)
rElec   .          Harm     .   i - +0 cloak
rCorr   .          Rampage  .   k - +0 pair of gloves
Will    .....                   m - +0 pair of boots
Stlth   +.........              (no amulet)
HPRegen 0.13/turn               d - ring of positive energy
MPRegen 0.08/turn               e - +4 ring of protection

@: slowed, lost intelligence, unable to read, very slow
A: horns 2, retaliatory headbutt, dopey 2, low MP 1
a: Renounce Religion, Berserk, Trog's Hand


You were on level 3 of the Dungeon.
You worshipped Trog.
Trog was pleased with you.
You visited 1 branch of the dungeon, and saw 3 of its levels.

You collected 131 gold pieces.

Inventory:

Hand Weapons
 a - a +0 mace (weapon)
Missiles
 c - 32 stones (quivered)
Armour
 i - a +0 cloak (worn)
 k - a +0 pair of gloves (worn)
 m - a +0 pair of boots (worn)
 o - a +0 leather armour (worn)
Jewellery
 d - a ring of positive energy (left hand)
 e - a +4 ring of protection (right hand)
Scrolls
 g - a scroll of teleportation {unknown}
 j - a scroll of magic mapping {unknown}
 l - 2 scrolls of identify {unknown}
 n - a scroll of brand weapon {unknown}
Potions
 f - a potion of heal wounds
 h - 2 potions of flight


   Skills:
 + Level 4.4 Fighting
 + Level 5.2 Maces & Flails
 + Level 2.5 Armour
 + Level 2.9 Dodging
 + Level 1.5 Stealth


You had 3 spell levels left.
You didn't know any spells.
Your spell library was empty.

Dungeon Overview and Level Annotations

Branches:
Dungeon (3/15)

Altars:
Cheibriados

Shops:
D:3 (


Innate Abilities, Weirdness & Mutations

You have a pair of horns on your head.
You reflexively headbutt those who attack you in melee.
You are very dopey. (Int -4)
Your magical capacity is low. (-10% MP)


Message History

The goblin unwields a +0 sling.
The goblin barely misses you.
You closely miss the goblin. You headbutt the goblin.
You kill the goblin!
Trog accepts your kill.
Things that are here:
a +0 sling; a goblin corpse You now have 131 gold pieces (gained 8).
You open the door.
A kobold, 2 hobgoblins and 6 gnolls come into view.
A gnoll is wielding a +4 flail of protection.
The kobold is wielding a +0 short sword and quivering poisoned darts.
The gnoll shouts! x2; The kobold shouts!
The gnoll shouts! x2
The hobgoblin shouts! x2
The gnoll closely misses you.
Found 83 gold pieces.
You hit the gnoll. Your headbutt misses the gnoll.
The gnoll is heavily wounded.
The gnoll hits you from afar with a +0 halberd.
The gnoll hits you with a +4 flail of protection!
The gnoll hits you but does no damage. x2
You barely miss the gnoll.
The gnoll is heavily wounded.
The gnoll closely misses you. You furiously retaliate!
You headbutt the gnoll.
The gnoll hits you from afar with a +0 halberd!
The gnoll barely misses you. x2; The gnoll hits you but does no damage. x2
You hit the gnoll but do no damage. Your headbutt misses the gnoll.
The gnoll is almost dead.
The gnoll hits you but does no damage. The gnoll closely misses you.
The gnoll hits you with a +0 whip.
You barely miss the gnoll.
The gnoll is almost dead.
The gnoll hits you with a +4 flail of protection!
* * * LOW HITPOINT WARNING * * *
The gnoll barely misses you. The gnoll hits you with a +0 whip.
* * * LOW HITPOINT WARNING * * *
The gnoll misses you. The gnoll closely misses you. The gnoll misses you.
You barely miss the gnoll.
The gnoll is almost dead.
The gnoll hits you but does no damage.
The gnoll hits you from afar with a +0 halberd.
You die...

≈≈~~≈~≈≈≈≈≈≈≈≈≈≈≈≈≈≈≈≈≈≈~≈#
≈≈≈≈≈≈≈≈≈≈≈≈≈≈#####≈≈≈≈≈≈≈#
############### #≈≈≈≈≈≈≈#
...## ##......# #≈≈≈≈≈≈≈#
....###.......#
.....#........##+#
.....#...........#
.....'.....†.)...#
.....#.........g@#
[....#........##g#
....###.......#ggg ...##
##......#gKg# ####
########$g$# #####


You could see 6 gnolls, 2 hobgoblins and a kobold.

Vanquished Creatures
  3 gnolls (D:3)
  2 adders
  2 worms (D:2)
  3 dart slugs
  5 bats
  3 endoplasms (D:2)
  A giant cockroach (D:2)
  10 hobgoblins
  5 kobolds
  3 quokkas
  8 ball pythons
  4 frilled lizards
  14 goblins
  12 rats
75 creatures vanquished.

Notes
Turn   | Place    | Note
-------+----------+-------------------------------------------
     0 | D:1      | kyanize the Minotaur Berserker began the quest for the Orb.
     0 | D:1      | Reached XP level 1. HP: 19/19 MP: 0/0
   259 | D:1      | Reached skill level 4 in Maces & Flails
   259 | D:1      | Reached XP level 2. HP: 25/27 MP: 1/1
   636 | D:1      | Gained mutation: You are dopey. (Int -2) [potion of
                  | mutation]
   636 | D:1      | Lost intelligence.
   636 | D:1      | Gained mutation: You are very dopey. (Int -4) [potion of
                  | mutation]
   636 | D:1      | Gained mutation: Your magical capacity is low. (-10% MP)
                  | [potion of mutation]
  2827 | D:2      | Reached XP level 3. HP: 30/33 MP: 1/1
  2884 | D:2      | Reached skill level 1 in Stealth
  3134 | D:2      | Reached ** piety under Trog
  3549 | D:3      | Reached XP level 4. HP: 40/40 MP: 2/2
  3642 | D:3      | Reached skill level 5 in Maces & Flails
  3911 | D:3      | Found a snail-covered altar of Cheibriados.
  4016 | D:3      | Found a faded altar of an unknown god.
  4110 | D:3      | Found Iseacsaj's Weapon Shoppe.
  4430 | D:3      | Slain by a gnoll

Illustrated notes

Levels and vault maps discovered:
D:1:      dpeg_arrival_ratfight, layout_rooms, kennysheep_nondescript
D:2:      layout_basic
D:3:      minmay_goblin_kobold_castle, layout_basic, old_standard_altar,
          serial_shops, nicolae_shop_bloodbath_and_beyond,
          nicolae_ecumenical_snake_handling

Skill      XL: |  1  2  3  4 |
---------------+-------------+-----
Maces & Flails | 4 5 |  5.2
Fighting       | 4 |  4.4
Stealth        | 1 |  1.5
Armour         | |  2.5
Dodging        | |  2.9

Action                   |  1- 3 |  4- 6 || total
-------------------------+-------+-------++-------
Melee: Mace              |    80 |    54 ||   134
       Headbutt          |    12 |     2 ||    14
       Punch             |     1 |       ||     1
  Use: Potion            |     6 |     1 ||     7
       Scroll            |     1 |       ||     1
 Stab: Sleeping          |     1 |       ||     1
Armor: Animal skin       |    32 |    29 ||    61
       Leather armour    |       |     6 ||     6
Dodge: Dodged            |    68 |    67 ||   135
